 Dungeon Crawl Stone Soup version 0.21.1-1-g345015f (webtiles) character file.

1156 erloom the Fighter (level 8, -1/78 HPs)
             Began as a Minotaur Fighter on Mar 3, 2018.
             Slain by 1994's ghost (14 damage)
             ... on level 4 of the Dungeon.
             The game lasted 00:10:03 (3651 turns).

erloom the Fighter (Minotaur Fighter)               Turns: 3651, Time: 00:10:04

Health: -1/78      AC: 11    Str: 21    XL:     8   Next: 16%
Magic:  7/7        EV:  3    Int:  7    God:
Gold:   266        SH:  9    Dex: 10    Spells: 7/7 levels left

rFire    + . .     SeeInvis .   a - +0 war axe
rCold    + . .     Gourm    .   c - +0 shield
rNeg     + . .     Faith    .   A - +0 plate armour
rPois    .         Spirit   .   (helmet restricted)
rElec    .         Reflect  .   r - scarf {rC+ rF+}
rCorr    .         Harm     .   (no gloves)
MR       .....                  (no boots)
Stlth    ..........             (no amulet)
HPRegen  0.23/turn              l - ring of positive energy
MPRegen  0.10/turn              (no ring)

@: no status effects
A: retaliatory headbutt, horns 2
a: no special abilities


You were on level 4 of the Dungeon.
You were not hungry.

You visited 1 branch of the dungeon, and saw 4 of its levels.
You also visited: Ossuary.

You collected 266 gold pieces.

Inventory:

Hand Weapons
 a - a +0 war axe (weapon)
 k - a +3 dire flail of freezing
 m - the +9 halberd "Gaopnior" {pain, *Noise Str+5 Stlth+}
   (You found it on level 4 of the Dungeon)

   In the hands of one skilled in necromantic magic, it inflicts extra damage on
   living creatures.
   It affects your strength (+5).
   It may make noises in combat.
   It makes you more stealthy.
 y - a cursed +3 battleaxe of freezing
Missiles
 x - 4 poisoned tomahawks (quivered)
 D - 2 silver tomahawks
Armour
 b - a +0 scale mail
 c - a +0 shield (worn)
 d - a +0 cloak
 r - a scarf of resistance (worn)
 A - a +0 plate armour (worn)
Jewellery
 l - a ring of positive energy (left hand)
Scrolls
 h - 2 scrolls of amnesia
 j - 4 scrolls of remove curse
 n - a scroll of fog
 o - 3 scrolls of teleportation
 q - 2 scrolls of magic mapping
 v - 2 scrolls of enchant weapon
 z - a scroll of fear
 B - 2 scrolls of enchant armour
 C - 3 scrolls of immolation
Potions
 e - a potion of flight {unknown}
 g - a potion of invisibility {unknown}
 i - 4 potions of degeneration {unknown}
 p - a potion of magic {unknown}
 s - a potion of cancellation {unknown}
 u - a potion of resistance {unknown}
 w - 2 potions of curing {unknown}
 E - a potion of lignification {unknown}
 F - a potion of berserk rage {unknown}
Comestibles
 f - 5 rations
 t - 13 chunks of flesh


   Skills:
 + Level 9.0 Fighting
 + Level 8.5 Axes
 - Level 3.6 Armour
 - Level 3.6 Shields


You had 7 spell levels left.
You didn't know any spells.

Dungeon Overview and Level Annotations

Branches:
Dungeon (4/15)
 Temple: D:4-7

Altars:

Annotations:
D:4 1994's ghost, amateur OgFi


Innate Abilities, Weirdness & Mutations

You reflexively headbutt those who attack you in melee.
You have a pair of horns on your head.


Message History

You miss 1994's ghost. 1994's ghost is moderately damaged. 1994's ghost hits you but does no damage.
You hit 1994's ghost.
You headbutt 1994's ghost! 1994's ghost is heavily damaged.
You block 1994's ghost's attack.
Your plate armour prevents you from hitting 1994's ghost.
Your headbutt misses 1994's ghost. 1994's ghost is heavily damaged.
You block 1994's ghost's attack.
Your plate armour prevents you from hitting 1994's ghost.
Your headbutt misses 1994's ghost. 1994's ghost is heavily damaged. 1994's ghost boasts, "I have defeated monsters you have never seen." 1994's ghost hits you!!
* * * LOW HITPOINT WARNING * * *
You slash 1994's ghost!
You headbutt 1994's ghost. 1994's ghost is severely damaged. 1994's ghost hits you!
You die...

......#....#.#.#
......#......#.#
......#####.##.#####
....................
.....#######.#.#####
.....# #.#.# .....#
#...# .....#
######..#######.#
.....#
#......>.@W......
....(#
#..........#####.
.....# #..........#
.....# #......(...#
###### ############


You could see 1994's ghost.

Vanquished Creatures
  Sigmund (D:2)
  2 elf zombies (Ossuary)
  5 wights (D:3)
  5 centaur zombies (Ossuary)
  A jelly (D:3)
  5 human zombies (Ossuary)
  An orc priest (D:3)
  An orc wizard (D:3)
  An iguana (D:4)
  3 mummies (Ossuary)
  Robin (D:2)
  6 adders
  An ooze (D:3)
  3 worms
  4 dart slugs
  2 leopard geckos
  12 orcs
  3 giant cockroaches
  14 goblins
  10 hobgoblins
  4 jackals (D:2)
  2 quokkas
  2 ball pythons (D:2)
  5 bats
  3 frilled lizards
  6 kobolds
  2 quokka skeletons (D:4)
  7 rats
112 creatures vanquished.

Notes
Turn   | Place    | Note
-------+----------+-------------------------------------------
     0 | D:1      | erloom the Minotaur Fighter began the quest for the Orb.
     0 | D:1      | Reached XP level 1. HP: 19/19 MP: 0/0
   466 | D:1      | Reached skill level 4 in Fighting
   468 | D:1      | Reached XP level 2. HP: 20/27 MP: 1/1
   782 | D:2      | Reached XP level 3. HP: 10/34 MP: 2/2
  1414 | D:2      | Noticed Robin
  1437 | D:2      | Killed Robin
  1437 | D:2      | Reached skill level 5 in Fighting
  1437 | D:2      | Reached XP level 4. HP: 40/42 MP: 3/3
  1720 | D:2      | Noticed Sigmund
  1726 | D:2      | Killed Sigmund
  1726 | D:2      | Reached skill level 6 in Fighting
  1726 | D:2      | Reached skill level 5 in Axes
  1726 | D:2      | Reached XP level 5. HP: 45/50 MP: 4/4
  1881 | D:3      | Reached XP level 6. HP: 34/57 MP: 5/5
  2427 | D:3      | Reached skill level 7 in Fighting
  2671 | D:3      | Reached XP level 7. HP: 51/66 MP: 6/6
  3166 | D:4      | Found a sand-covered staircase.
  3171 | Ossuary  | Entered an ossuary
  3224 | Ossuary  | Reached skill level 8 in Fighting
  3343 | Ossuary  | Reached XP level 8. HP: 64/75 MP: 7/7
  3390 | D:4      | Got a slimy halberd
  3540 | D:4      | Identified the +9 halberd "Gaopnior" {pain, *Noise Str+5 Stlth+} (You found it on level 4 of the Dungeon)
  3568 | D:4      | Reached skill level 9 in Fighting
  3639 | D:4      | Noticed 1994's ghost (amateur OgFi)
  3651 | D:4      | Slain by 1994's ghost

Skill      XL: |  1  2  3  4  5  6  7  8 |
---------------+-------------------------+-----
Fighting       | 4 5 6 7 8 9 |  9.0
Axes           | 3 4 5 6 8 |  8.5
Armour         | |  3.6
Shields        | |  3.6

Action                   |  1- 3 |  4- 6 |  7- 9 || total
-------------------------+-------+-------+-------++-------
Melee: War axe           |    82 |    94 |   171 ||   347
       Headbutt          |    15 |    20 |    49 ||    84
  Use: Scroll            |     2 |     4 |     8 ||    14
       Potion            |       |     1 |       ||     1
  Eat: Chunk             |     2 |     3 |     4 ||     9
Armor: Scale mail        |    27 |    25 |    11 ||    63
       Plate armour      |       |       |    49 ||    49
Dodge: Dodged            |    18 |    22 |    19 ||    59
Block: Shield            |    37 |    39 |    56 ||   132
